 Dungeon Crawl Stone Soup version 0.18.1-8-gdd0e5ea (webtiles) character file.

1894219 lightmor the Grand Master (level 27, 282/282 HPs)
             Began as a Naga Monk on May 22, 2016.
             Was the Champion of Cheibriados.
             Escaped with the Orb
             ... and 3 runes!
             The game lasted 03:49:35 (61666 turns).

lightmor the Grand Master (Naga Monk)              Turns: 61666, Time: 03:49:36

Health: 282/282    AC: 25    Str: 36      XL:     27
Magic:  37/37      EV: 33    Int: 25      God:    Cheibriados [******]
Gold:   2596       SH: 40    Dex: 36 (37) Spells: 8 memorised, 19 levels left

rFire  + + .     SeeInvis +       - Unarmed
rCold  . . .     Gourm    .     c - +3 leather armour {rF+}
rNeg   . . .     Faith    .     s - +7 large shield
rPois  +         Spirit   .     W - +0 helmet of the Iron City of Dis {rElec rF+ Stlth-}
rElec  +         Dismiss  .     A - +2 cloak
rCorr  .         Reflect  +     M - +2 pair of gloves
SustAt .         Harm     .     n - +0 naga barding {Fly}
MR     +++..                    I - brooch of Shielding {Reflect SH+8}
Stlth  +++.......               Y - +6 ring of slaying
                                K - ring of the Ancient Lies {EV+5 Str+2}

@: flying, studying 2 skills, very slow, extremely resistant to hostile
enchantments, fairly stealthy
A: see invisible, deformed body, deterioration 1, poison resistance, electricity
resistance, slowness 2, slow metabolism 1, spit poison 2, constrict 1, AC +9
a: Spit Poison, Bend Time, Temporal Distortion, Slouch, Step From Time, Renounce
Religion, Stop Flying
0: Orb of Zot
}: 3/15 runes: barnacled, silver, gossamer


You escaped.
You worshipped Cheibriados.
Cheibriados was exalted by your worship.
You were very full.

You visited 9 branches of the dungeon, and saw 49 of its levels.
You visited 1 ziggurat, and saw 11 of its levels.
You also visited: Bailey.

You collected 7545 gold pieces.
You spent 4949 gold pieces at shops.

Inventory:

Missiles
 f - 449 stones (quivered)
Armour
 c - a +3 leather armour of fire resistance (worn)
 n - a +0 naga barding of flying (worn)
 s - a +7 large shield (worn)
 A - a +2 cloak (worn)
 M - a +2 pair of gloves (worn)
 W - the +0 helmet of the Iron City of Dis (worn) {rElec rF+ Stlth-}
   (You found it on level 7 of the Lair of Beasts)

   It protects you from fire.
   It insulates you from electricity.
   It makes you less stealthy.
Jewellery
 q - an uncursed ring of protection from magic
 E - the amulet "Doqugimp" {Dismiss Int+6}
   (You found it on level 4 of a ziggurat)

   [amulet of dismissal]

   It may teleport away creatures that harm you.
   It affects your intelligence (+6).
 F - an uncursed ring of sustain attributes
 I - the brooch of Shielding (around neck) {Reflect SH+8}
   (You bought it in a shop on level 9 of the Dungeon)

   [amulet of reflection]

   It shields you and reflects attacks.
   It affects your SH (+8).
 K - the ring of the Ancient Lies (left hand) {EV+5 Str+2}
   (You took it off a deep elf annihilator on level 5 of the Vaults)

   [ring of evasion]

   It affects your evasion (+5).
   It affects your strength (+2).
 Y - a +6 ring of slaying (right hand)
Wands
 B - a wand of digging (18/24)
 P - a wand of heal wounds (8/9)
 R - a wand of disintegration (9/24)
 V - a wand of disintegration (10/24)
Scrolls
 g - 20 scrolls of teleportation
 h - 8 scrolls of fear
 i - 4 scrolls of amnesia
 o - 18 scrolls of identify
 y - 5 scrolls of blinking
 z - 25 scrolls of remove curse
 D - 7 scrolls of fog
 G - 9 scrolls of recharging
 N - 7 scrolls of magic mapping
Potions
 d - 16 potions of heal wounds
 e - 10 potions of ambrosia
 p - 2 potions of cure mutation
 r - 30 potions of curing
 t - 3 potions of brilliance
 x - 7 potions of might
 H - 10 potions of magic
 J - 2 potions of cancellation
 L - 4 potions of agility
 O - 4 potions of flight
 S - 5 potions of lignification
 U - 3 potions of invisibility
Books
 X - a manual of
Armour
 Z - a manual of Stealth
Miscellaneous
 m - a lamp of fire
 w - a phial of floods
 C - a box of beasts
 Q - a box of beasts {used: 4}
 T - a fan of gales
Comestibles
 b - 25 bread rations
 j - 2 beef jerkies
 k - 27 meat rations
 u - 34 royal jellies
 v - 47 fruits


   Skills:
 * Level 23.2 Fighting
 - Level 3.0 Armour
 - Level 15.8 Dodging
 - Level 15.3 Stealth
 - Level 15.1 Shields
 O Level 27 Unarmed Combat
 - Level 10.1 Spellcasting
 + Level 11.2 Charms
 + Level 11.1 Necromancy
 - Level 14.0 Transmutations
 - Level 14.0 Earth Magic
 - Level 10.1 Invocations


You had 19 spell levels left.
You knew the following spells:

 Your Spells              Type           Power        Failure   Level  Hunger
a - Apportation           Tloc           ##........   6%          1    None
b - Blink                 Tloc           N/A          10%         2    None
c - Blade Hands           Trmt           ######....   1%          5    ####...
d - Statue Form           Trmt/Erth      ######...    2%          6    #####..
e - Repel Missiles        Chrm/Air       #####.       1%          2    None
f - Hydra Form            Trmt           ######....   2%          6    #####..
g - Regeneration          Chrm/Necr      ######....   1%          3    None
h - Passwall              Trmt/Erth      ######....   1%          2    None


Dungeon Overview and Level Annotations

Branches:
Dungeon (15/15)            Temple (1/1) D:6            Lair (8/8) D:11
 Shoals (4/4) Lair:5       Spider (4/4) Lair:3        Slime (0/6) Lair:6
    Orc (2/2) D:10            Elf (0/3) Orc:2        Vaults (5/5) D:14
  Crypt (0/3) Vaults:2     Depths (5/5) D:15            Zot (5/5) Depths:5

Altars:
Ashenzari
Cheibriados
Dithmenos
Elyvilon
Fedhas
Gozag
Kikubaaqudgha
Makhleb
Nemelex Xobeh
Okawaru
Pakellas
Qazlal
Ru
Sif Muna
Trog
Vehumet
Xom
Yredelemnul
Zin
The Shining One
Beogh
Jiyva

Shops:
D:9 ==   D:11 [   D:15 ?   Orc:2 [=*(   Shoals:1 [[   Vaults:5 ?!%!%?%?

Portals:
Hell: Depths:1 Depths:2 Depths:3 Depths:5
Pandemonium: Depths:3

Annotations:
D:13 exclusion: orange crystal statue
Depths:4 exclusion: 3 obsidian statues


Innate Abilities, Weirdness & Mutations

You cannot wear boots.
Your serpentine skin is tough (AC +9).
You have supernaturally acute eyesight.
Armour fits poorly on your strangely shaped body.
Your system is resistant to poisons.
You cover ground very slowly.
You have a slow metabolism.
You can spit poison.
You can use your snake-like lower body to constrict enemies.
Your body sometimes deteriorates upon taking damage.
You are resistant to electric shocks.


Message History

You kill the sun demon!
Cheibriados appreciates the change of pace.
The red devil hops backward while attacking.
You block the red devil's attack.
You fly upwards.
There is a stone staircase leading down here.
The ooze hits something but does no damage.
An ooze comes into view.
You block the ooze's attack. x2; The ooze completely misses you.
You block the ooze's attack. x2; The ooze completely misses you.
You block the ooze's attack. x2
You block the ooze's attack.
The ooze splashes around in the water.
You block the ooze's attack. You block the ooze's attack.
There is a staircase leading out of the dungeon here.
You pummel the ooze like a punching bag!!!
You kill the ooze!
Cheibriados thoroughly appreciates the change of pace.
No target in view!
You have escaped!

#.÷.##..# #.# ..#.##.##
##.## # ###.##.#
##P.P## # ###.##.#
##P...P## # .##.##.#
##P.....P## #
(##.##.#####P...≈...P##
#
...............≈≈≈...P#
#
.##.#..####P..≈≈≈≈≈..P#
# .#.....#
#P..≈≈@≈≈..P# #
.......#
#P..≈≈≈≈)..P###### #
##.....#
#P(..≈≈≈.........#### #
###.#..#
##P...≈...P#####....###
##..##.# ##P.....P##
####.... ##.#####
##P...P## ##### ##.#
##P.P## #. ##.# ##.##
#. ##.# #.# ####### #.


There were no monsters in sight!

Vanquished Creatures
  5 ancient liches
  6 orbs of fire
  A juggernaut (Depths:5)
  3 shard shrikes
  Frederick (Vaults:3)
  Margery (Vaults:2)
  2 curse toes
  4 caustic shrikes (Depths:2)
  9 Killer Klowns
  A golden dragon (shapeshifter) (Depths:4)
  Nikola (Depths:2)
  14 golden dragons
  An iron giant (Depths:2)
  A bone dragon (Depths:5)
  The ghost of Chiseanne the Peltast, a veteran VSMo of Makhleb (Depths:4)
  A Tzitzimitl (Zot:4)
  24 tentacled monstrosities
  2 electric golems (Zot:5)
  Asterion (Spider:4)
  26 Orb Guardians
  The ghost of Canard the Grand Gadgeteer, an adept DrAr of Pakellas (Shoals:4)
  6 titans
  2 quicksilver dragons (Vaults:5)
  Frances (Shoals:2)
  Polyphemus (Shoals:3)
  A thorn hunter (Zig:8)
  12 shadow dragons
  An Executioner (Zot:5)
  A kraken (Shoals:4)
  19 storm dragons
  Kirke (D:15)
  A sphinx (shapeshifter) (Zig:6)
  12 death cobs
  10 tengu reavers
  Ilsuiw (Shoals:4)
  9 draconian monks
  A revenant (Zig:9)
  A fire giant (shapeshifter) (Depths:4)
  9 draconian knights
  5 draconian scorchers
  Maud (Lair:4)
  12 fire giants
  Wiglaf (Spider:2)
  2 deep elf sorcerers
  An orc warlord (Orc:2)
  3 iron dragons
  Louise (Shoals:1)
  2 frost giants (shapeshifter)
  A cacodemon (D:12)
  8 draconian zealots
  13 draconian shifters
  22 vault wardens
  16 frost giants
  5 emperor scorpions (Spider:4)
  Donald (Shoals:1)
  8 ghost moths
  A draconian annihilator (Zot:5)
  A stone giant (shapeshifter) (Vaults:5)
  25 very ugly things
  13 green draconians
  20 stone giants
  3 reapers
  14 ironheart preservers
  6 draconian callers
  8 war gargoyles
  2 salamander stormcallers (Depths:4)
  Nessos (D:14)
  A deep elf demonologist (Vaults:3)
  A spectral titan (Zig:9)
  2 vampire knights (Depths:3)
  12 white draconians
  4 deep elf annihilators
  A dire elephant (Zig:5)
  20 yellow draconians
  10 spark wasps
  13 purple draconians
  9 black draconians
  15 red draconians
  A black sun (Zig:9)
  19 mottled draconians
  3 green deaths
  A deep elf death mage (Vaults:3)
  2 merfolk javelineers (Shoals:4)
  32 vault guards
  21 fire dragons
  8 merfolk impalers
  Erolcha (D:9)
  11 crystal guardians
  6 deep elf high priests
  2 small abominations
  13 ettins
  8 great orbs of eyes
  16 yaktaur captains
  14 hydras
  2 ice dragons (shapeshifter)
  4 spriggan air magi
  8 entropy weavers
  10 centaur warriors
  26 ice dragons
  A catoblepas (shapeshifter) (Vaults:5)
  3 rakshasas
  A merfolk avatar (Shoals:3)
  An anaconda (shapeshifter) (Vaults:2)
  Erica (D:9)
  A catoblepas (Shoals:3)
  An alligator (Zig:7)
  6 death knights
  13 death yaks
  9 deep troll earth magi
  16 ogre magi
  5 deep troll shamans
  10 merfolk aquamancers
  6 spriggan berserkers
  6 tengu warriors
  4 orc high priests
  A hell hog (shapeshifter) (Vaults:5)
  17 dancing weapons
  5 vampire magi
  A shock serpent (shapeshifter) (Zig:6)
  7 sun demons
  A titan skeleton (Zig:10)
  3 soul eaters (Zig:9)
  2 deep elf knights
  6 fire crabs
  2 skeletal warriors (Zig:10)
  A spectral spriggan (Zig:9)
  A fire crab (shapeshifter) (Depths:2)
  8 hell knights
  5 shadow wraiths
  5 iron trolls
  10 sea snakes
  A storm dragon skeleton (Zig:10)
  An unseen horror (shapeshifter) (Vaults:1)
  5 unseen horrors
  A deep troll (shapeshifter) (Depths:4)
  4 flayed ghosts
  An obsidian statue (Zig:1)
  A golden dragon zombie (Zig:10)
  20 deep trolls
  10 harpies
  2 deep elf archers
  A lindwurm (Zig:5)
  4 wizards
  Pikel (D:6)
  9 giant orange brains
  8 hill giants
  A hill giant (shapeshifter) (Depths:4)
  4 swamp dragons
  16 ironbrand convokers
  6 phantasmal warriors
  5 shambling mangroves
  13 griffons
  12 orb spiders
  21 orc knights
  2 wolf spider zombies
  6 orc sorcerers
  7 hornets
  39 wolf spiders
  72 ugly things
  30 moths of wrath
  A cyclops (shapeshifter) (Depths:4)
  2 fauns (Shoals:2)
  A shadow dragon skeleton (Zig:10)
  8 cyclopes
  24 deep elf magi
  A manticore (shapeshifter) (Depths:4)
  33 elephants
  9 manticores
  An apocalypse crab (Zig:6)
  8 sirens
  6 black mambas
  A rust devil (Depths:5)
  3 orange demons
  A water nymph (shapeshifter) (Depths:4)
  The ghost of Yehuk the Frost Mage, a novice DEIE of Vehumet (D:8)
  12 vault sentinels
  4 molten gargoyles (Depths:4)
  A black mamba (shapeshifter) (Depths:4)
  9 water nymphs
  17 spiny frogs
  3 smoke demons
  5 torpor snails
  3 kobold demonologists
  11 komodo dragons
  53 yaktaurs
  8 demonic crawlers
  4 rime drakes
  A rime drake (shapeshifter) (D:11)
  2 tormentors
  A hellwing (Depths:1)
  7 freezing wraiths
  5 spriggan druids
  5 tengu conjurers
  34 merfolk
  An ice devil (Depths:3)
  9 polar bears
  A queen bee (Lair:7)
  30 jumping spiders
  A giant leech (Zig:7)
  A troll (shapeshifter) (Depths:3)
  2 red devils
  10 trolls
  34 two-headed ogres
  4 wind drakes
  A giant leech (shapeshifter) (Depths:4)
  18 blink frogs
  Grinder (D:6)
  6 boulder beetles
  A slime creature (shapeshifter) (Depths:4)
  A blink frog (shapeshifter) (Depths:2)
  2 bog bodies (Zig:8)
  42 slime creatures
  8 snapping turtles
  A raiju (Zig:4)
  2 boulder beetles (shapeshifter)
  A stone giant simulacrum (Vaults:1)
  33 spriggans
  2 vampires
  63 orc warriors
  41 tarantellas
  13 water elementals
  11 starcursed masses (Zig:4)
  93 redbacks
  A yak (shapeshifter) (Vaults:3)
  A wyvern (shapeshifter) (Depths:4)
  3 wyverns
  75 yaks
  6 shadows
  3 air elementals
  A ynoxinul (D:15)
  9 wraiths
  2 basilisks
  3 golden eyes (Zot:5)
  A hippogriff (shapeshifter) (Depths:4)
  A hog (shapeshifter) (Vaults:2)
  7 fire elementals (Depths:4)
  A basilisk (shapeshifter) (Depths:5)
  A human (shapeshifter) (Vaults:1)
  A steam dragon (Lair:3)
  13 hippogriffs
  3 neqoxecs
  3 hungry ghosts
  6 vampire mosquitoes
  A large abomination (Zig:4)
  7 wargs
  Menkaure (D:7)
  5 chaos spawn
  2 mottled dragons
  Duvessa (D:3)
  2 insubstantial wisps (Depths:4)
  A soldier ant (D:13)
  A swamp worm (shapeshifter) (Depths:4)
  21 water moccasins
  2 hell hounds (shapeshifter) (Vaults:5)
  17 porcupines
  A water moccasin (shapeshifter) (Depths:1)
  3 sky beasts
  A swamp drake (Zig:7)
  2 phantoms
  An eye of draining (D:13)
  3 ice beasts
  A necrophage (D:15)
  11 black bears
  22 wasps
  4 boggarts (Depths:2)
  50 ogres
  41 wolves
  14 centaurs
  22 crocodiles
  A crocodile (shapeshifter) (Vaults:5)
  A big kobold (shapeshifter) (Depths:4)
  13 giant frogs
  A giant frog (shapeshifter) (Depths:4)
  A gnoll sergeant (D:8)
  Dowan (D:3)
  10 earth elementals (Depths:4)
  A water moccasin skeleton (D:9)
  A wyvern skeleton (D:14)
  3 scorpions
  38 killer bees
  9 wights
  An orc simulacrum (Vaults:2)
  3 electric eels
  5 giant frog zombies
  4 centaur zombies
  11 crimson imps
  8 hounds
  4 centaur skeletons
  9 jellies
  2 quasits
  A wasp zombie (D:11)
  21 orc priests
  3 giant frog skeletons
  Terence (D:3)
  Jessica (D:2)
  8 iguanas
  36 orc wizards
  7 hell rats
  10 worker ants
  23 sheep
  A hound zombie (D:10)
  2 hound skeletons
  Robin (D:4)
  A howler monkey zombie (D:8)
  3 worker ant zombies
  17 gnolls
  A gnoll (shapeshifter) (Depths:3)
  17 adders
  A howler monkey skeleton (D:9)
  68 river rats
  8 shadow imps
  A white imp (Zig:10)
  An ufetubus (Zot:3)
  8 oozes
  2 adder skeletons
  5 worms
  2 dart slugs (D:1)
  7 giant geckos
  125 orcs
  20 bats
  3 giant cockroaches
  20 goblins
  30 hobgoblins
  11 jackals
  3 quokkas
  3 ball pythons
  9 giant newts
  A jackal zombie (D:6)
  16 kobolds
  2 quokka skeletons
  18 rats
  A briar patch (Zig:8)
  2 bushes (D:13)
  2 butterflies (Depths:5)
  A fire vortex (Vaults:1)
  2 fungi
  2 plants
  A tentacle (Shoals:4)
2901 creatures vanquished.

Vanquished Creatures (collateral kills)
  A death yak (Lair:6)
  An elephant (Lair:8)
  4 yaks (Lair:8)
  A porcupine (Lair:6)
  A river rat (Lair:8)
8 creatures vanquished.

Vanquished Creatures (others)
  An Orb Guardian (Zot:5)
  A draconian scorcher (Zot:5)
  4 stone giants
  A salamander stormcaller (Vaults:1)
  A merfolk impaler (Shoals:4)
  2 merfolk javelineers (Shoals:4)
  4 yaktaur captains
  3 centaur warriors
  2 ironbrand convokers (Vaults:4)
  A deep elf mage (Vaults:5)
  An orb spider (Spider:3)
  A manticore (D:15)
  A faun (Shoals:1)
  2 ugly things (Depths:4)
  A cyclops (Shoals:4)
  20 yaktaurs
  A centaur skeleton (D:15)
  A two-headed ogre (Vaults:5)
  An air elemental (Depths:4)
  2 water elementals (Depths:4)
  A wraith (Vaults:1)
  7 humans (D:15)
  A golden eye (shapeshifter) (Depths:4)
  An insubstantial wisp (Depths:4)
  An orc warrior (Orc:2)
  A slave (D:6)
  2 ogres
  11 centaurs
  An orc wizard (D:6)
  A lightning spire (D:5)
  2 adders (D:6)
  8 ball lightnings (Depths:4)
  2 orcs
  A hobgoblin (Bailey)
  2 kobolds (Bailey)
  A giant cockroach zombie (D:6)
  9 briar patches (Zig:8)
  3 bushes
  86 fungi
  95 plants
  3 tentacles (Shoals:4)
  285 tentacle segments (Shoals:4)
575 creatures vanquished.

Grand Total: 3484 creatures vanquished

Notes
Turn   | Place    | Note
--------------------------------------------------------------
     0 | D:1      | lightmor the Naga Monk began the quest for the Orb.
     0 | D:1      | Reached XP level 1. HP: 21/21 MP: 1/1
   127 | D:1      | Reached XP level 2. HP: 15/28 MP: 2/2
   747 | D:1      | Reached XP level 3. HP: 26/34 MP: 3/3
   958 | D:1      | Reached skill level 5 in Unarmed Combat
  1259 | D:2      | Found a shadowy altar of Dithmenos.
  1461 | D:2      | Noticed Jessica
  1468 | D:2      | Killed Jessica
  1468 | D:2      | Reached XP level 4. HP: 42/42 MP: 4/4
  1490 | D:2      | Found a glowing golden altar of the Shining One.
  1723 | D:2      | Found a blossoming altar of Fedhas.
  1723 | D:2      | Found an iron altar of Okawaru.
  1723 | D:2      | Found an oddly glowing altar of Pakellas.
  1817 | D:2      | Reached skill level 6 in Unarmed Combat
  2094 | D:2      | Reached XP level 5. HP: 49/49 MP: 5/5
  2365 | D:3      | Learned a level 1 spell: Apportation
  2368 | D:3      | Learned a level 2 spell: Blink
  2730 | D:3      | Noticed Terence
  2748 | D:3      | Killed Terence
  3317 | D:4      | Noticed Duvessa
  3317 | D:4      | Noticed Dowan
  3351 | D:4      | Noticed an ogre
  3361 | D:3      | Reached skill level 7 in Unarmed Combat
  3361 | D:3      | Reached XP level 6. HP: 56/56 MP: 6/6
  3984 | D:4      | Noticed Robin
  4344 | D:4      | Found a white marble altar of Elyvilon.
  4470 | D:4      | Killed Robin
  4470 | D:4      | Reached skill level 8 in Unarmed Combat
  4603 | D:5      | Entered Level 5 of the Dungeon
  4627 | D:5      | Reached XP level 7. HP: 61/62 MP: 7/7
  4656 | D:5      | Found a white marble altar of Elyvilon.
  4853 | D:5      | Found a basalt altar of Yredelemnul.
  5059 | D:5      | Found an oddly glowing altar of Pakellas.
  5060 | D:5      | Noticed a gargoyle
  5458 | D:5      | Reached skill level 5 in Stealth
  5589 | D:5      | Found a burning altar of Makhleb.
  5808 | D:5      | Reached skill level 9 in Unarmed Combat
  5808 | D:5      | Reached XP level 8. HP: 53/69 MP: 8/8
  5989 | D:6      | Found a shattered altar of Ashenzari.
  6048 | D:6      | Noticed Pikel
  6069 | D:6      | Killed Pikel
  6069 | D:6      | Reached skill level 10 in Unarmed Combat
  6087 | D:6      | Reached XP level 9. HP: 62/75 MP: 9/9
  6338 | D:6      | Noticed Grinder
  6355 | D:6      | Killed Grinder
  6355 | D:6      | Reached skill level 11 in Unarmed Combat
  6598 | D:6      | Found a staircase to the Ecumenical Temple.
  6662 | D:6      | Found a shadowy altar of Dithmenos.
  6854 | Temple   | Entered the Ecumenical Temple
  6913 | Temple   | Became a worshipper of Cheibriados the Contemplative
  6913 | Temple   | Reached * piety under Cheibriados
  6913 | Temple   | Reached ** piety under Cheibriados
  7142 | D:7      | Learned a level 5 spell: Blade Hands
  7156 | D:7      | Noticed Menkaure
  7326 | D:7      | Found a shimmering altar of Xom.
  7410 | D:7      | Found a bloodstained altar of Trog.
  7413 | D:7      | Killed Menkaure
  7688 | D:8      | Noticed Yehuk's ghost (novice DEIE)
  7724 | D:8      | Killed Yehuk's ghost
  7724 | D:8      | Reached skill level 10 in Stealth
  7916 | D:8      | Reached *** piety under Cheibriados
  8144 | D:8      | Found a stormy altar of Qazlal.
  8165 | D:8      | Reached XP level 10. HP: 87/87 MP: 10/10
  8272 | D:8      | Found an ancient bone altar of Kikubaaqudgha.
  8311 | D:8      | Reached skill level 12 in Unarmed Combat
  8986 | D:9      | Reached skill level 5 in Fighting
  9027 | D:9      | Noticed Erica
  9041 | D:9      | Killed Erica
  9068 | D:9      | Found Jyet's Jewellery Emporium.
  9097 | D:9      | Bought the brooch of Shielding {Reflect SH+8} for 480 gold pieces
  9125 | D:9      | Reached **** piety under Cheibriados
  9247 | D:9      | Noticed a four-headed hydra
  9412 | D:9      | Found Opnytouf's Jewellery Shop.
  9465 | D:9      | Found a sparkling altar of Nemelex Xobeh.
  9489 | D:9      | Noticed Erolcha
  9500 | D:9      | Killed Erolcha
  9698 | D:9      | Noticed a cyclops
  9705 | D:9      | Killed a cyclops
 10024 | D:9      | Noticed an ogre mage
 10037 | D:9      | Killed an ogre mage
 10037 | D:9      | Reached XP level 11. HP: 95/97 MP: 12/14
 10144 | D:9      | Killed a four-headed hydra
 10144 | D:9      | Reached skill level 13 in Unarmed Combat
 10315 | D:9      | Reached ***** piety under Cheibriados
 10344 | D:10     | Entered Level 10 of the Dungeon
 10605 | D:10     | Found a flagged portal.
 10612 | Bailey   | Entered a bailey
 10768 | Bailey   | Noticed an orc knight
 10953 | Bailey   | Killed an orc knight
 10953 | Bailey   | Reached skill level 5 in Invocations
 11289 | D:10     | Found a staircase to the Orcish Mines.
 11500 | D:10     | Noticed a centaur warrior
 11505 | D:10     | Killed a centaur warrior
 11677 | D:10     | Reached skill level 5 in Dodging
 12202 | D:11     | Reached ****** piety under Cheibriados
 12408 | D:11     | Found Cefitoi's Armour Shop.
 12625 | D:11     | Noticed a hill giant
 12630 | D:11     | Killed a hill giant
 12636 | D:11     | Gained mutation: You possess an exceptional clarity of mind. [potion of beneficial mutation]
 12637 | D:11     | Gained mutation: Your spells are a little harder to cast, but a little more powerful. [potion of beneficial mutation]
 12688 | D:11     | Reached XP level 12. HP: 109/109 MP: 16/16
 12818 | D:11     | Found a staircase to the Lair.
 13293 | Lair:1   | Entered Level 1 of the Lair of Beasts
 14095 | Lair:1   | Reached skill level 14 in Unarmed Combat
 14681 | Lair:2   | Noticed an eight-headed hydra
 14693 | Lair:2   | Killed an eight-headed hydra
 15152 | Lair:2   | Gained mutation: Your muscles are strong. (Str +2) [potion of beneficial mutation]
 15599 | Lair:2   | Gained mutation: You can use your snake-like lower body to constrict enemies. [Naga growth]
 15599 | Lair:2   | Reached XP level 13. HP: 114/117 MP: 19/19
 15943 | Lair:3   | Found a hole to the Spider Nest.
 16700 | Lair:3   | Reached skill level 10 in Invocations
 17234 | Lair:4   | Noticed Maud
 17247 | Lair:4   | Killed Maud
 17403 | Lair:4   | Reached skill level 1 in Shields
 17420 | Lair:4   | Reached skill level 15 in Unarmed Combat
 18095 | Lair:4   | Reached skill level 1 in Transmutations
 18118 | Lair:4   | Reached skill level 15 in Stealth
 18392 | Lair:4   | Reached XP level 14. HP: 111/127 MP: 21/21
 18857 | Lair:5   | Got a steaming chain mail
 19341 | Lair:5   | Reached skill level 5 in Shields
 19435 | Lair:5   | Found a staircase to the Shoals.
 19776 | Lair:6   | Found a viscous altar of Jiyva.
 19776 | Lair:6   | Found a staircase to the Slime Pits.
 21180 | Lair:6   | Identified a -3 rod of inaccuracy (13/13) (You found it on level 6 of the Lair of Beasts)
 21568 | Lair:7   | Got a shimmering helmet
 21579 | Lair:7   | Identified the +0 helmet of the Iron City of Dis {rElec rF+ Stlth-} (You found it on level 7 of the Lair of Beasts)
 21750 | Lair:7   | Learned a level 6 spell: Statue Form
 21770 | Lair:7   | Reached skill level 1 in Earth Magic
 21915 | Lair:7   | Paralysed by a centaur for 3 turns
 21934 | Lair:7   | Reached XP level 15. HP: 63/134 MP: 22/22
 22682 | Lair:8   | Entered Level 8 of the Lair of Beasts
 22718 | Lair:8   | Reached skill level 5 in Transmutations
 22912 | Lair:8   | Reached skill level 5 in Earth Magic
 24081 | Lair:8   | Identified a +4 rod of shadows (10/10) (You found it on level 8 of the Lair of Beasts)
 25350 | D:12     | You fall through a shaft!
 25350 | D:13     | Found a blossoming altar of Fedhas.
 25727 | D:13     | Reached XP level 16. HP: 141/141 MP: 23/23
 26835 | D:14     | Reached skill level 10 in Transmutations
 26891 | D:14     | Reached skill level 1 in Spellcasting
 27149 | D:14     | Noticed Nessos
 27160 | D:14     | Killed Nessos
 27431 | D:14     | Found a gate to the Vaults.
 27761 | D:14     | Identified the cursed +0 chain mail of Subjectivity {rC++ Stlth-} (You found it on level 5 of the Lair of Beasts)
 27765 | D:15     | Entered Level 15 of the Dungeon
 27765 | D:15     | Found Toodghal's Magic Scroll Shop.
 27769 | D:15     | Bought a scroll of teleportation for 36 gold pieces
 27769 | D:15     | Bought a scroll of identify for 24 gold pieces
 27769 | D:15     | Bought a scroll of identify for 24 gold pieces
 27769 | D:15     | Bought a scroll of magic mapping for 42 gold pieces
 27769 | D:15     | Bought a scroll of fear for 42 gold pieces
 27769 | D:15     | Bought a scroll of recharging for 114 gold pieces
 27769 | D:15     | Bought a scroll of identify for 24 gold pieces
 27769 | D:15     | Bought a scroll of identify for 24 gold pieces
 27787 | D:15     | Reached skill level 10 in Earth Magic
 27856 | D:15     | Noticed Kirke
 27860 | D:15     | Killed Kirke
 27974 | D:15     | Reached skill level 5 in Spellcasting
 27989 | D:15     | Found a staircase to the Depths.
 29608 | Orc:1    | Entered Level 1 of the Orcish Mines
 29617 | Orc:1    | Reached XP level 17. HP: 138/148 MP: 23/29
 29905 | Orc:2    | Entered Level 2 of the Orcish Mines
 30068 | Orc:2    | Found a staircase to the Elven Halls.
 30394 | Orc:2    | Found a roughly hewn altar of Beogh.
 30615 | Orc:2    | Found Ketoupti's Jewellery Shoppe.
 30866 | Orc:2    | Found Fuomus Efro's Antique Armour Shoppe.
 31224 | Orc:2    | Found Icofoniw's General Store.
 31296 | Orc:2    | Found a roughly hewn altar of Beogh.
 31579 | Orc:2    | Found Ixonani's Antique Weapon Shoppe.
 31648 | Orc:1    | Reached skill level 10 in Spellcasting
 31977 | Orc:1    | Reached skill level 1 in Armour
 32613 | Spider:1 | Entered Level 1 of the Spider Nest
 33720 | Spider:2 | Noticed Wiglaf
 33731 | Spider:2 | Killed Wiglaf
 34949 | Spider:3 | Learned a level 2 spell: Repel Missiles
 35309 | Spider:3 | Reached XP level 18. HP: 156/157 MP: 32/32
 35721 | Spider:4 | Entered Level 4 of the Spider Nest
 36059 | Spider:4 | Noticed Asterion
 36073 | Spider:4 | Killed Asterion
 37009 | Spider:4 | Got a gossamer rune of Zot
 37703 | D:9      | Bought a +6 ring of slaying for 2300 gold pieces
 37880 | Shoals:1 | Entered Level 1 of the Shoals
 37880 | Shoals:1 | Found Zutoph's Antique Armour Emporium.
 37880 | Shoals:1 | Noticed Louise
 37891 | Shoals:1 | Killed Louise
 37913 | Shoals:1 | Found Buzxin's Armour Boutique.
 38016 | Shoals:1 | Noticed Donald
 38023 | Shoals:1 | Killed Donald
 38516 | Shoals:2 | Noticed Frances
 38522 | Shoals:2 | Killed Frances
 38522 | Shoals:2 | Reached skill level 16 in Unarmed Combat
 38537 | Shoals:2 | Reached XP level 19. HP: 149/165 MP: 33/33
 39057 | Shoals:3 | Noticed Polyphemus
 39071 | Shoals:3 | Killed Polyphemus
 39071 | Shoals:3 | Reached skill level 10 in Shields
 39970 | Shoals:4 | Entered Level 4 of the Shoals
 39970 | Shoals:4 | Noticed Ilsuiw
 39979 | Shoals:4 | Noticed Canard's ghost (adept DrAr)
 39990 | Shoals:4 | Killed Canard's ghost
 39994 | Shoals:4 | Killed Ilsuiw
 40774 | Shoals:4 | Got a translucent chain mail
 40775 | Shoals:4 | Identified the +4 chain mail of Responsibility {rF+++ Str+2} (You found it on level 4 of the Shoals)
 41111 | Shoals:4 | Got a barnacled rune of Zot
 41685 | Vaults:1 | Entered Level 1 of the Vaults
 41782 | Vaults:1 | Reached skill level 17 in Unarmed Combat
 41873 | Vaults:1 | Reached XP level 20. HP: 155/172 MP: 28/34
 43832 | Vaults:2 | Noticed Margery
 43848 | Vaults:2 | Killed Margery
 43848 | Vaults:2 | Reached skill level 18 in Unarmed Combat
 43884 | Vaults:2 | Found a staircase to the Crypt.
 43884 | Vaults:2 | Found a basalt altar of Yredelemnul.
 43884 | Vaults:2 | Found an ancient bone altar of Kikubaaqudgha.
 44073 | Vaults:2 | Reached XP level 21. HP: 180/180 MP: 31/35
 44108 | Vaults:2 | Paralysed by a great orb of eyes for 4 turns
 44387 | Vaults:3 | Noticed Frederick
 44396 | Vaults:3 | Killed Frederick
 44396 | Vaults:3 | Reached skill level 15 in Shields
 45475 | Vaults:3 | Reached skill level 19 in Unarmed Combat
 45633 | Vaults:4 | Reached skill level 10 in Fighting
 45975 | Vaults:4 | Reached XP level 22. HP: 176/193 MP: 36/36
 46675 | Vaults:5 | Entered Level 5 of the Vaults
 46704 | Vaults:5 | Noticed a golden dragon
 46715 | Vaults:5 | Killed a golden dragon
 46744 | Vaults:5 | Reached skill level 20 in Unarmed Combat
 46793 | Vaults:5 | Reached skill level 10 in Dodging
 46820 | Vaults:5 | Reached XP level 23. HP: 92/205 MP: 11/37
 47182 | Vaults:5 | Reached skill level 21 in Unarmed Combat
 47215 | Vaults:5 | Learned a level 6 spell: Hydra Form
 47225 | Vaults:5 | Got a flickering tin ring
 47249 | Vaults:5 | Identified the ring of the Ancient Lies {EV+5 Str+2} (You took it off a deep elf annihilator on level 5 of the Vaults)
 47285 | Vaults:5 | Noticed a golden dragon
 47291 | Vaults:5 | Killed a golden dragon
 47673 | Vaults:5 | Found Zinor's Magic Scroll Emporium.
 47677 | Vaults:5 | Bought a scroll of blinking for 112 gold pieces
 47677 | Vaults:5 | Bought a scroll of blinking for 112 gold pieces
 47677 | Vaults:5 | Bought a scroll of teleportation for 45 gold pieces
 47677 | Vaults:5 | Bought a scroll of teleportation for 45 gold pieces
 47756 | Vaults:5 | Found Heluczu's Distillery.
 47760 | Vaults:5 | Bought a potion of curing for 63 gold pieces
 47760 | Vaults:5 | Bought a potion of flight for 63 gold pieces
 47760 | Vaults:5 | Bought 2 potions of curing for 126 gold pieces
 47760 | Vaults:5 | Bought a potion of curing for 63 gold pieces
 47760 | Vaults:5 | Bought a potion of curing for 63 gold pieces
 47760 | Vaults:5 | Bought a potion of curing for 63 gold pieces
 47761 | Vaults:5 | Found Zyllorgh's Food Shop.
 47775 | Vaults:5 | Found Urih's Food Shoppe.
 47775 | Vaults:5 | Found Oquemioh's Distillery.
 47786 | Vaults:5 | Bought a potion of might for 88 gold pieces
 47786 | Vaults:5 | Bought a potion of heal wounds for 110 gold pieces
 47786 | Vaults:5 | Bought a potion of heal wounds for 110 gold pieces
 47796 | Vaults:5 | Found Tucweocwac's Magic Scroll Emporium.
 47800 | Vaults:5 | Bought a scroll of blinking for 157 gold pieces
 47800 | Vaults:5 | Bought a scroll of teleportation for 63 gold pieces
 47800 | Vaults:5 | Bought a scroll of teleportation for 63 gold pieces
 47800 | Vaults:5 | Bought a scroll of magic mapping for 73 gold pieces
 48082 | Vaults:5 | Got a fine cloak
 48093 | Vaults:5 | Identified the +0 cloak of the Ditch-Digger {rElec} (You found it on level 5 of the Vaults)
 48176 | Vaults:5 | Learned a level 3 spell: Regeneration
 48197 | Vaults:5 | Got a silver rune of Zot
 48248 | Vaults:5 | Identified the Compendium of Noxious Stones
 48253 | Vaults:5 | Learned a level 2 spell: Passwall
 48454 | Vaults:5 | Found Milamura's Magic Scroll Shoppe.
 48454 | Vaults:5 | Found Ossebus's Food Shop.
 48458 | Vaults:5 | Bought a scroll of identify for 20 gold pieces
 48458 | Vaults:5 | Bought a scroll of recharging for 95 gold pieces
 48458 | Vaults:5 | Bought a scroll of recharging for 95 gold pieces
 48458 | Vaults:5 | Bought a scroll of identify for 20 gold pieces
 48458 | Vaults:5 | Bought a scroll of recharging for 95 gold pieces
 48458 | Vaults:5 | Bought a scroll of recharging for 95 gold pieces
 48938 | Depths:1 | Entered Level 1 of the Depths
 49119 | Depths:1 | Found a gateway to Hell.
 49434 | Depths:1 | Reached XP level 24. HP: 218/218 MP: 37/37
 49566 | Depths:2 | Noticed Nikola
 49572 | Depths:2 | Killed Nikola
 49572 | Depths:2 | Reached skill level 22 in Unarmed Combat
 49650 | Depths:2 | Noticed a caustic shrike
 49653 | Depths:2 | Noticed a caustic shrike
 49654 | Depths:2 | Noticed a caustic shrike
 49659 | Depths:2 | Killed a caustic shrike
 49660 | Depths:2 | Killed a caustic shrike
 49661 | Depths:2 | Noticed a caustic shrike
 49663 | Depths:2 | Killed a caustic shrike
 49667 | Depths:2 | Killed a caustic shrike
 49778 | Depths:2 | Found a white marble altar of Elyvilon.
 50729 | Depths:2 | Reached skill level 23 in Unarmed Combat
 50729 | Depths:2 | Reached XP level 25. HP: 229/229 MP: 37/37
 51041 | Depths:2 | Found a sparkling altar of Nemelex Xobeh.
 51437 | Depths:3 | Found a gateway to a ziggurat.
 51438 | Depths:3 | Noticed an ancient lich
 51461 | Depths:3 | Killed an ancient lich
 51720 | Depths:3 | Reached XP level 26. HP: 240/240 MP: 37/37
 51976 | Depths:3 | Found a one-way gate leading to the halls of Pandemonium.
 52363 | Depths:4 | Paralysed by a giant eyeball for 2 turns
 52368 | Depths:4 | Reached skill level 15 in Fighting
 52695 | Depths:4 | Noticed Chiseanne's ghost (veteran VSMo)
 52700 | Depths:4 | Killed Chiseanne's ghost
 52737 | Depths:4 | Reached skill level 24 in Unarmed Combat
 52763 | Depths:4 | Paralysed by a giant eyeball for 4 turns
 53589 | Depths:5 | Entered Level 5 of the Depths
 53685 | Depths:5 | Noticed a juggernaut
 53696 | Depths:5 | Killed a juggernaut
 54204 | Depths:5 | Reached XP level 27. HP: 196/252 MP: 32/37
 54215 | Depths:5 | Found a gate to the Realm of Zot.
 55050 | Depths:5 | Reached skill level 25 in Unarmed Combat
 55193 | Zot:1    | Entered Level 1 of the Realm of Zot
 56489 | Zot:2    | Noticed an orb of fire
 56494 | Zot:2    | Gained mutation: You are dopey. (Int -2) [an orb of fire]
 56498 | Zot:2    | Killed an orb of fire
 56992 | Zot:2    | Reached skill level 26 in Unarmed Combat
 57130 | Zot:3    | Reached skill level 15 in Dodging
 58298 | Zot:4    | Reached skill level 27 in Unarmed Combat
 58574 | Zot:5    | Entered Level 5 of the Realm of Zot
 58586 | Zot:5    | Reached skill level 1 in Charms
 58586 | Zot:5    | Reached skill level 1 in Necromancy
 59021 | Zot:5    | Noticed an orb of fire
 59029 | Zot:5    | Killed an orb of fire
 59206 | Zot:5    | Noticed an orb of fire
 59206 | Zot:5    | Lost mutation: Your muscles are strong. (Str +2) [an orb of fire]
 59206 | Zot:5    | Gained mutation: You are clumsy. (Dex -2) [an orb of fire]
 59211 | Zot:5    | Killed an orb of fire
 59215 | Zot:5    | Reached skill level 5 in Charms
 59228 | Zot:5    | Reached skill level 5 in Necromancy
 59259 | Zot:5    | Noticed an orb of fire
 59266 | Zot:5    | Killed an orb of fire
 59388 | Zot:5    | Noticed an orb of fire
 59390 | Zot:5    | Gained mutation: You are frail (-10% HP). [an orb of fire]
 59390 | Zot:5    | Gained mutation: Your body sometimes deteriorates upon taking damage. [an orb of fire]
 59395 | Zot:5    | Killed an orb of fire
 59530 | Zot:5    | Noticed an orb of fire
 59530 | Zot:5    | Gained mutation: Your body often deteriorates upon taking damage. [an orb of fire]
 59532 | Zot:5    | Gained mutation: You regenerate slowly when monsters are visible. [an orb of fire]
 59535 | Zot:5    | Killed an orb of fire
 59598 | Zot:5    | Lost mutation: You are frail (-10% HP). [potion of cure mutation]
 59598 | Zot:5    | Lost mutation: Your spells are a little harder to cast, but a little more powerful. [potion of cure mutation]
 59598 | Zot:5    | Lost mutation: You possess an exceptional clarity of mind. [potion of cure mutation]
 59598 | Zot:5    | Lost mutation: Your body often deteriorates upon taking damage. [potion of cure mutation]
 59598 | Zot:5    | Lost mutation: You regenerate slowly when monsters are visible. [potion of cure mutation]
 59598 | Zot:5    | Lost mutation: Your body sometimes deteriorates upon taking damage. [potion of cure mutation]
 59599 | Zot:5    | Lost mutation: You are clumsy. (Dex -2) [potion of cure mutation]
 59599 | Zot:5    | Lost mutation: You are dopey. (Int -2) [potion of cure mutation]
 60048 | Zig:1    | Entered Level 1 of a ziggurat
 60068 | Zig:2    | Entered Level 2 of a ziggurat
 60088 | Zig:3    | Entered Level 3 of a ziggurat
 60138 | Zig:4    | Entered Level 4 of a ziggurat
 60155 | Zig:4    | Paralysed by accursed screaming for 1 turns
 60177 | Zig:4    | Got a shimmering bronze amulet
 60178 | Zig:4    | Identified the amulet "Doqugimp" {Dismiss Int+6} (You found it on level 4 of a ziggurat)
 60188 | Zig:5    | Entered Level 5 of a ziggurat
 60234 | Zig:5    | Got a fine helmet
 60235 | Zig:5    | Identified the +0 helmet of Qux Ysal {rElec MR+} (You found it on level 5 of a ziggurat)
 60244 | Zig:6    | Entered Level 6 of a ziggurat
 60295 | Zig:7    | Entered Level 7 of a ziggurat
 60336 | Zig:7    | Got a scintillating glass ring
 60337 | Zig:7    | Identified the ring "Yraer" {rPois rC+ EV+2 Dex+4 SInv} (You found it on level 7 of a ziggurat)
 60354 | Zig:8    | Entered Level 8 of a ziggurat
 60424 | Zig:9    | Entered Level 9 of a ziggurat
 60492 | Zig:10   | Entered Level 10 of a ziggurat
 60502 | Zig:10   | Identified a scroll of acquirement
 60559 | Zig:10   | Identified a +2 rod of shadows (14/14) (You found it on level 10 of a ziggurat)
 60592 | Zig:11   | Entered Level 11 of a ziggurat
 60764 | Zot:5    | Noticed an ancient lich
 60768 | Zot:5    | Killed an ancient lich
 60772 | Zot:5    | Reached skill level 10 in Charms
 60777 | Zot:5    | Noticed an ancient lich
 60782 | Zot:5    | Reached skill level 10 in Necromancy
 60789 | Zot:5    | Noticed an ancient lich
 60789 | Zot:5    | Killed an ancient lich
 60802 | Zot:5    | Killed an ancient lich
 60804 | Zot:5    | Noticed an ancient lich
 60807 | Zot:5    | Killed an ancient lich
 60963 | Zot:5    | Got the Orb of Zot
 61322 | D:15     | Gained mutation: You are resistant to electric shocks. [a neqoxec]
 61447 | D:12     | Gained mutation: Your body sometimes deteriorates upon taking damage. [a cacodemon]
 61620 | D:3      | Killed Duvessa
 61622 | D:3      | Killed Dowan
 61666 | D:$      | Escaped with the Orb!

Skill      XL: |  1  2  3  4  5  6  7  8  9 10 11 12 13 14 15 16 17 18 19 20 21 22 23 24 25 26 27 |
---------------+----------------------------------------------------------------------------------+-----
Unarmed Combat | 5 6 7 8 9 10 11 12 13 14 15 16 17 18 19 20 21 23 24 27 | 27.0
Stealth        | 5 8 10 11 12 13 15 | 15.3
Fighting       | 4 6 7 8 9 10 11 13 14 16 23 | 23.2
Dodging        | 3 4 5 6 7 8 10 11 12 13 15 | 15.8
Invocations    | 4 6 9 10 | 10.1
Shields        | 3 9 12 14 15 | 15.1
Transmutations | 1 4 9 10 11 13 14 | 14.0
Earth Magic    | 2 8 10 11 13 14 | 14.0
Spellcasting   | 8 10 | 10.1
Armour         | 3 |  3.0
Charms         | 11 | 11.2
Necromancy     | 11 | 11.1

Action                   |  1- 3 |  4- 6 |  7- 9 | 10-12 | 13-15 | 16-18 | 19-21 | 22-24 | 25-27 || total
-------------------------+-------+-------+-------+-------+-------+-------+-------+-------+-------++-------
Melee: Unarmed           |   116 |   223 |   295 |   694 |  1163 |  1571 |   946 |   619 |  1612 ||  7239
       Punch             |     3 |     6 |    16 |    83 |    50 |     6 |       |       |       ||   164
       Constrict         |       |       |       |       |   233 |   345 |   193 |    93 |   273 ||  1137
Throw: Stone             |     5 |    17 |    75 |    78 |    96 |   118 |    35 |    10 |    16 ||   450
 Cast: Apportation       |       |       |       |       |     2 |       |       |       |       ||     2
       Blade Hands       |       |       |       |       |     5 |     7 |       |       |       ||    12
       Repel Missiles    |       |       |       |       |       |     1 |     2 |       |     1 ||     4
       Blink             |       |       |       |       |       |     1 |       |       |       ||     1
       Statue Form       |       |       |       |       |       |    14 |    57 |    30 |   100 ||   201
       Hydra Form        |       |       |       |       |       |       |       |     1 |     3 ||     4
       Regeneration      |       |       |       |       |       |       |       |     1 |    12 ||    13
Invok: Slouch            |       |       |       |     2 |    11 |     3 |     7 |     3 |     1 ||    27
 Abil: Spit Poison       |     3 |    33 |    48 |    52 |    11 |    28 |     4 |     1 |     1 ||   181
Evoke: Wand              |       |       |       |     5 |    13 |    17 |    10 |     6 |     8 ||    59
       Box of beasts     |       |       |       |     1 |     4 |       |       |       |       ||     5
       Fan of gales      |       |       |       |       |     2 |       |       |       |       ||     2
  Use: Scroll            |       |    13 |     2 |    12 |     5 |     8 |    11 |    13 |    19 ||    83
       Potion            |       |     4 |     3 |     4 |     3 |     1 |     2 |     4 |     5 ||    26
 Stab: Sleeping          |     4 |     5 |     5 |    22 |    32 |    27 |    21 |     6 |    14 ||   136
       Invisible         |       |       |     2 |       |       |       |       |       |       ||     2
       Distracted        |       |       |       |     4 |     4 |     6 |     5 |    11 |    10 ||    40
       Confused          |       |       |       |       |       |       |       |       |     1 ||     1
  Eat: Chunk             |     1 |    10 |    12 |    19 |    28 |    35 |    34 |    11 |    42 ||   192
       Meat ration       |       |       |       |       |       |     1 |       |       |       ||     1
       Pizza             |       |       |       |       |       |       |     7 |     1 |       ||     8
       Beef jerky        |       |       |       |       |       |       |       |       |    14 ||    14
       Bread ration      |       |       |       |       |       |       |       |       |     2 ||     2
Armor: Leather armour    |    19 |    74 |    74 |   170 |   228 |   217 |    34 |    10 |    33 ||   859
       Skin              |       |     1 |       |       |    11 |   105 |   163 |   124 |   193 ||   597
Dodge: Dodged            |    82 |   108 |   136 |   429 |   552 |   765 |   524 |   427 |  1025 ||  4048
       Deflected         |       |       |       |       |       |     2 |     4 |       |     5 ||    11
Block: Other             |       |       |       |   226 |   109 |    31 |       |     3 |       ||   369
       Reflection        |       |       |       |    31 |    15 |    75 |   157 |    88 |    83 ||   449
       Shield            |       |       |       |       |   861 |  1722 |   936 |       |       ||  3519
       Large shield      |       |       |       |       |       |       |   493 |  1062 |  2588 ||  4143
